 Dungeon Crawl Stone Soup version 0.30-a0-737-gf23d94013f (webtiles) character file.

Game seed: 7213227676972238300

8467 Lavandula the Carver (level 11, -7/118 HPs)
             Began as a Human Monk on Feb 1, 2023.
             Was a Follower of Elyvilon.
             Mangled by a cane toad (13 damage)
             ... on level 9 of the Dungeon.
             The game lasted 00:29:23 (11273 turns).

Lavandula the Carver (Human Monk)                  Turns: 11273, Time: 00:29:23

Health: -7/118     AC: 25    Str: 16    XL:     11   Next: 56%
Magic:  11/16      EV:  2    Int: 11    God:    Elyvilon [*.....]
Gold:   283        SH:  4    Dex: 15    Spells: 10/10 levels left

rFire   . . .      SeeInvis .    E - +1 long sword (heavy)
rCold   . . .      Faith    .    L - +0 buckler
rNeg    . . .      Spirit   .    (body armour currently unavailable)
rPois   +          Reflect  .    (helmet currently unavailable)
rElec   .          Harm     .    (cloak currently unavailable)
rCorr   .          Rampage  .    (gloves currently unavailable)
Will    +....      NoTele   +    (boots currently unavailable)
Stlth   ++                       (no amulet)
HPRegen 0.39/turn                f - ring of willpower
MPRegen 0.15/turn                j - ring of poison resistance

@: tree-form, studying Staves
A: stationary, stasis, torment immunity, boosted hp
a: Renounce Religion, Purification


You were on level 9 of the Dungeon.
You worshipped Elyvilon.
Elyvilon was aware of your devotion.
You were a tree.
You visited 3 branches of the dungeon, and saw 13 of its levels.

You collected 552 gold pieces.
You spent 269 gold pieces at shops.

Inventory:

Hand Weapons
 E - a +1 heavy long sword (weapon)
Missiles
 k - 6 curare-tipped darts
 l - 5 javelins
 o - 29 poisoned darts (quivered)
 H - 6 datura-tipped darts
Armour
 a - a scarf of shadows
 b - a +0 troll leather armour (melded)
 u - a +1 scale mail
 v - a +2 pair of boots of rampaging (melded)
 G - a +0 cloak (melded)
 J - a +2 pair of gloves (melded)
 L - a +0 buckler (worn)
Jewellery
 f - a ring of willpower (left branch)
 j - a ring of poison resistance (right branch)
Wands
 B - a wand of roots (5)
 D - a wand of flame (6)
Scrolls
 g - 3 scrolls of amnesia {unknown}
 i - a scroll of enchant weapon {unknown}
 q - 2 scrolls of teleportation {unknown}
 s - 3 scrolls of fear {unknown}
 x - 2 scrolls of vulnerability {unknown}
 y - 2 scrolls of fog {unknown}
 z - a scroll of magic mapping {unknown}
 C - 2 scrolls of poison {unknown}
 I - a scroll of brand weapon
 K - a scroll of enchant armour
Potions
 c - a potion of haste
 d - 2 potions of magic
 h - 4 potions of curing
 p - a potion of attraction
 t - a potion of resistance {unknown}
 w - a potion of brilliance
 A - a potion of flight {unknown}
 F - a potion of cancellation {unknown}
Miscellaneous
 e - a piece from Xom's chessboard (14/15)


   Skills:
 - Level 5.1 Fighting
 - Level 14.0 Long Blades
 - Level 5.7 Dodging
 - Level 2.0 Stealth
 + Level 2.5 Shields
 - Level 7.6 Invocations
 - Level 3.0 Evocations


You had 10 spell levels left.
You didn't know any spells.
Your spell library contained the following spells:

 Spells                   Type           Power      Damage    Failure   Level
 Freeze                   Ice            0%         1d3       43%         1
 Necrotise                Necr           0%         1d4       43%         1
 Slow                     Hex            0%         N/A       43%         1
 Summon Small Mammal      Summ           0%         N/A       43%         1
 Cigotuvi's Dreadful Rot  Necr/Pois/Air  0%         N/A       56%         2
 Poisonous Vapours        Pois/Air       0%         N/A       56%         2
 Call Canine Familiar     Summ           0%         N/A       80%         3
 Confusing Touch          Hex            0%         N/A       80%         3
 Mephitic Cloud           Conj/Pois/Air  0%         N/A       80%         3
 Summon Guardian Golem    Hex/Summ       0%         N/A       80%         3
 Vampiric Draining        Necr           0%         2d6       80%         3
 Ice Form                 Ice/Tmut       0%         N/A       99%         4
 Summon Ice Beast         Ice/Summ       0%         N/A       99%         4
 Agony                    Necr           0%         N/A       100%        5
 Metabolic Englaciation   Hex/Ice        0%         N/A       100%        5


Dungeon Overview and Level Annotations

Branches:
Dungeon (11/15)            Temple (1/1) D:5            Lair (1/5) D:9
    Orc: D:9-12

Altars:
Ashenzari
Cheibriados
Dithmenos
Elyvilon
Fedhas
Gozag
Hepliaklqana
Kikubaaqudgha
Makhleb
Nemelex Xobeh
Okawaru
Qazlal
Ru
Sif Muna
Trog
Uskayaw
Vehumet
Wu Jian
Xom
Yredelemnul
Zin
The Shining One

Shops:
D:8 :   D:9 ?   D:10 *

Annotations:
D:7 2 transporters, LetschGu's ghost, novice DjHW
D:9 exclusion: door
D:10 1 runed translucent door


Message History

The cane toad stings you!
* * * LOW HITPOINT WARNING * * *
You slash the cane toad!
The cane toad is severely wounded.
The wolf barely misses you.
The cane toad stings you but does no damage.
The wolf barely misses you.
Okay, then.
You feel better. The wolf bites you but does no damage.
The cane toad barely misses you.
You hit the cane toad.
The cane toad is severely wounded.
The wolf bites you but does no damage. The cane toad stings you!
* * * LOW HITPOINT WARNING * * *
The wolf bites you but does no damage.
You barely miss the cane toad.
The cane toad is severely wounded.
The wolf misses you. The cane toad barely misses you.
The wolf barely misses you. The cane toad stings you.
* * * LOW HITPOINT WARNING * * *
You barely miss the cane toad.
The cane toad is severely wounded.
You block the wolf's attack. The cane toad stings you!
* * * LOW HITPOINT WARNING * * *
The wolf closely misses you.
Really quaff the potion of lignification?
You turn into a tree.
Your +0 cloak melds into your body.
Your +2 pair of gloves melds into your body.
Your +2 pair of boots of rampaging melds into your body.
Your +0 troll leather armour melds into your body.
You no longer feel able to rampage towards enemies.
Your roots penetrate the ground.
The wolf completely misses you.
The cane toad stings you but does no damage.
Unknown command.
You closely miss the cane toad.
The cane toad is severely wounded.
The wolf bites you.
* * * LOW HITPOINT WARNING * * *
The cane toad stings you!
You die...

################......##
#......................#
#....~.......~.≈....~..#
###.....~~..~~~~≈~..~.)..#
#.....~≈~≈~≈~≈≈≈~≈~~~....#
#.#..~~~~≈≈~~~~.~≈~≈..~..#
#.#.....~~~≈...~..≈≈~....#
#.#...~~~~~~~...F≈~~.~≈~.#
#.#............♣..≈~~≈...#
#.#..~~~~≈~~~..[h~~≈≈~~..##
#.#..≈~≈≈≈~~~≈~~~.≈≈≈~....#####
##.#...~~~≈.~≈≈~≈≈≈≈≈~.~[.)....#
.#.......~.≈≈≈≈≈≈≈≈≈≈≈≈~.)##.#.#
<.....~~~..~~≈≈≈≈≈≈~≈.≈)..##.#.#
.............~≈≈≈≈≈~.~..~....#.#
..............~~~~~~......####.#
.........#.##..#.#.........###.#


You could see a cane toad and a wolf.

Vanquished Creatures
  A wizard (D:7)
  A deep elf pyromancer (D:10)
  An unseen horror (D:10)
  2 trolls (D:9)
  Prince Ribbit (D:6)
  6 yaks
  2 wyverns
  A steam dragon (D:6)
  An acid dragon (D:10)
  2 sky beasts
  An orc warrior (D:8)
  2 black bears (D:6)
  3 wolves (D:9)
  2 ogres
  4 centaurs
  3 phantoms
  3 kobold brigands
  A necrophage (D:6)
  4 bullfrogs
  2 scorpions
  9 wights
  12 killer bees
  7 electric eels
  6 hounds
  3 gnoll boudas
  6 orc priests
  An iguana (D:5)
  5 orc wizards
  A scorpion zombie (D:4)
  4 hound zombies (D:4)
  10 gnolls
  4 adders
  2 shadow imps (D:8)
  An adder zombie (D:4)
  3 dart slugs
  26 orcs
  9 ball pythons
  4 endoplasms
  3 goblins
  4 hobgoblins
  5 jackals
  23 kobolds
  A quokka (D:5)
  5 bats
  3 frilled lizards
  6 rats
206 creatures vanquished.

Vanquished Creatures (others)
  2 shadows
  A gnoll sergeant (D:10)
  2 gnolls (D:10)
  3 orcs
  37 plants
  3 withered plants (D:4)
48 creatures vanquished.

Grand Total: 254 creatures vanquished

Notes
Turn   | Place    | Note
-------+----------+-------------------------------------------
     0 | D:1      | Lavandula the Human Monk began the quest for the Orb.
     0 | D:1      | Reached XP level 1. HP: 18/18 MP: 1/1
   206 | D:1      | Reached XP level 2. HP: 21/24 MP: 2/2
   265 | D:1      | Got the Encyclopedia of the Tundra
   781 | D:2      | Reached skill level 4 in Long Blades
   781 | D:2      | Reached XP level 3. HP: 25/29 MP: 3/3
  1736 | D:3      | Found a faded altar of an unknown god.
  1798 | D:3      | Reached XP level 4. HP: 31/35 MP: 4/4
  1966 | D:2      | Reached skill level 5 in Long Blades
  2058 | D:2      | Reached XP level 5. HP: 33/41 MP: 5/5
  2547 | D:4      | Noticed an ogre
  2567 | D:3      | Killed an ogre
  2568 | D:3      | Reached skill level 6 in Long Blades
  2568 | D:3      | Reached XP level 6. HP: 23/47 MP: 6/6
  2908 | D:4      | Noticed an ogre
  2923 | D:4      | Reached skill level 1 in Evocations
  2971 | D:5      | Entered Level 5 of the Dungeon
  3057 | D:5      | Found a staircase to the Ecumenical Temple.
  3069 | D:5      | Noticed a yak
  3087 | Temple   | Entered the Ecumenical Temple
  3188 | Temple   | Became a worshipper of Elyvilon the Healer
  3188 | Temple   | Reached * piety under Elyvilon
  3188 | Temple   | Reached ** piety under Elyvilon
  3270 | D:5      | Found a snail-covered altar of Cheibriados.
  3619 | D:4      | Reached XP level 7. HP: 48/52 MP: 7/7
  3813 | D:4      | Reached skill level 7 in Long Blades
  4170 | D:4      | Found a sparkling altar of Nemelex Xobeh.
  4416 | D:4      | Reached skill level 8 in Long Blades
  4416 | D:4      | Reached XP level 8. HP: 41/58 MP: 8/8
  4743 | D:5      | Found a basalt altar of Yredelemnul.
  4969 | D:5      | Reached *** piety under Elyvilon
  4998 | D:5      | Elyvilon protects you from harm!
  5214 | D:5      | Found a glowing silver altar of Zin.
  5230 | D:5      | Reached skill level 9 in Long Blades
  5516 | D:5      | Found an iron altar of Okawaru.
  5764 | D:6      | Noticed Prince Ribbit
  5811 | D:6      | HP: 2/58 [steam dragon] (8)]
  6038 | D:6      | Found a hazy altar of Hepliaklqana.
  6273 | D:6      | Reached skill level 10 in Long Blades
  6273 | D:6      | Reached XP level 9. HP: 56/63 MP: 11/11
  6325 | D:6      | Killed Prince Ribbit
  6532 | D:6      | Found a stormy altar of Qazlal.
  6918 | D:7      | Noticed a moth of wrath
  6935 | D:7      | Found a transporter.
  6938 | D:7      | Noticed LetschGu's ghost (novice DjHW)
  6952 | D:7      | Found a transporter.
  6991 | D:7      | Reached skill level 11 in Long Blades
  7063 | D:7      | Noticed a wizard
  7096 | D:7      | Noticed a manticore
  7103 | D:7      | Pacified a manticore
  7172 | D:7      | Killed a wizard
  7173 | D:7      | Reached skill level 12 in Long Blades
  7173 | D:7      | Reached XP level 10. HP: 70/70 MP: 12/12
  7378 | D:7      | Reached skill level 13 in Long Blades
  7516 | D:8      | Reached **** piety under Elyvilon
  7532 | D:8      | Found Xeizxy's Vocational Training.
  7724 | D:8      | Found a shadowy altar of Dithmenos.
  8044 | D:8      | Reached skill level 14 in Long Blades
  8778 | D:8      | Reached skill level 5 in Invocations
  9195 | D:9      | Found a staircase to the Lair.
  9271 | D:9      | Elyvilon protects you from harm!
  9433 | D:9      | Found a shimmering blue altar of Sif Muna.
  9484 | D:10     | Entered Level 10 of the Dungeon
  9619 | D:9      | Reached XP level 11. HP: 30/75 MP: 13/16
  9804 | D:9      | Found Orhuaros's Magic Scroll Boutique.
  9807 | D:9      | Bought a scroll of brand weapon for 133 gold pieces
  9807 | D:9      | Bought a scroll of noise for 14 gold pieces
  9887 | D:9      | Found a sacrificial altar of Ru.
  9887 | D:9      | Found a glowing golden altar of the Shining One.
  9893 | D:9      | Found an ancient bone altar of Kikubaaqudgha.
  9895 | D:9      | Found an opulent altar of Gozag.
  9898 | D:9      | Found a faded altar of an unknown god.
  9953 | D:9      | Found a blossoming altar of Fedhas.
 10358 | D:10     | Noticed a two-headed ogre
 10358 | D:10     | Found Migi's General Store.
 10454 | D:10     | Reached skill level 5 in Fighting
 10602 | D:10     | Found a runed translucent door.
 10602 | D:10     | Noticed a deep elf pyromancer
 10603 | D:10     | Noticed a stone giant
 10610 | D:10     | Killed a deep elf pyromancer
 10670 | D:10     | Bought 6 curare-tipped darts for 122 gold pieces
 10703 | D:10     | Pacified a two-headed ogre
 10704 | D:10     | Reached skill level 5 in Dodging
 10869 | D:10     | Found an ornate altar of the Wu Jian Council.
 10896 | D:10     | Reached skill level 1 in Shields
 11041 | D:11     | Noticed a two-headed ogre
 11054 | D:11     | Elyvilon protects you from harm!
 11220 | D:10     | Elyvilon protects you from harm!
 11256 | Lair:1   | Entered Level 1 of the Lair of Beasts
 11273 | D:9      | Mangled by a cane toad

Illustrated notes

Levels and vault maps discovered:
D:1:      dpeg_arrival_renting, layout_rooms, serial_park_tiny_pond
D:2:      minmay_alternating_diamond, layout_loops_corners,
          chequers_serial_rivers_room_a, minmay_shallow_snake_nest
D:3:      cheibrodos_pilgrimage, layout_rooms, nicolae_ecumenical_pavilion
D:4:      layout_loops_ring, mainiacjoe_overflow_24_doors, serial_undead,
          serial_undead_c, serial_undead_d, serial_undead_e, serial_undead_b,
          minmay_manual_maat
D:5:      layout_basic, kennysheep_slug_shrine,
          mainiacjoe_overflow_concentric_impassable,
          mainiacjoe_overflow_catch_the_wave,
          minmay_temple_entry_drinking_statues, serial_curves, eino_curves_01,
          eino_curves_01, lightli_corner_chamber
D:6:      layout_basic, nicolae_hepliaklqana_hazy_memory,
          mainiacjoe_overflow_alcove_2, uniq_prince_ribbit1
D:7:      cheibrodos_wizards_tower, layout_rooms,
          gammafunk_ghost_berserking_beasts
D:8:      layout_rooms, mainiacjoe_overflow_six_doors_small, grunt_ministairs_1,
          chequers_big_river, nicolae_shop_vocational
D:9:      layout_rooms, led_sif_book, chequers_temple_overflow_minitemple,
          lemuel_tele_altar, erik_lair_island, serial_shops, kennysheep_mini
D:10:     layout_basic, overflow_temple_1_default, serial_shops, shop_fountains,
          minivault_13
D:11:     layout_loops_corners, zombieorc1_lemuel, uniq_gastronok
Temple:   hellmonk_temple_beads
Lair:1:   layout_chaotic_city, beast_lair_carwin_4, lemuel_fruit_tree,
          uniq_maggie

Skill      XL: |  1  2  3  4  5  6  7  8  9 10 11 |
---------------+----------------------------------+-----
Long Blades    | 4 5 6 8 10 12 14 | 14.0
Evocations     | 2 3 |  3.0
Invocations    | 3 7 |  7.6
Fighting       | 5 |  5.1
Dodging        | 5 |  5.7
Shields        | 2 |  2.5
Stealth        | |  2.0

Action                     |  1- 3 |  4- 6 |  7- 9 | 10-12 || total
---------------------------+-------+-------+-------+-------++-------
  Melee: Falchion          |    69 |    15 |   301 |       ||   385
         Short sword       |    59 |   153 |       |       ||   212
         Punch             |       |       |     7 |     4 ||    11
         Long sword        |       |       |    27 |   328 ||   355
  Throw: Dart              |       |     5 |    19 |     5 ||    29
         Javelin           |       |       |       |     6 ||     6
 Invoke: Heal Self         |       |       |     4 |    11 ||    15
         Heal Other        |       |       |     3 |    21 ||    24
  Evoke: Wand              |       |     8 |     3 |    14 ||    25
         Piece from Xom's  |       |       |       |     1 ||     1
    Use: Potion            |     1 |       |     4 |     9 ||    14
         Scroll            |       |     1 |     9 |     4 ||    14
   Stab: Sleeping          |     4 |       |       |       ||     4
         Paralysed         |       |     2 |       |       ||     2
 Armour: Robe              |     2 |       |       |       ||     2
         Ring mail         |    44 |       |       |       ||    44
         Scale mail        |       |    32 |   119 |   157 ||   308
         Skin              |       |       |       |    24 ||    24
         Troll leather arm |       |       |       |    37 ||    37
  Dodge: Dodged            |    82 |    54 |   113 |   257 ||   506
  Block: Buckler           |       |       |       |    21 ||    21

Table legend: (Time is in decaauts)
 A = Elapsed time spent in this place.
 B = Non-inter-level travel time spent in this place.
 C = Inter-level travel time spent in this place.
 D = Time resting spent in this place.
 E = Time spent auto-exploring this place.
 F = Levels seen in this place.
 G = Mean time per level.
                   A        B        C        D        E       F      G
               +--------+--------+--------+--------+--------+-----+--------+
         Total |  11170 |  10639 |    531 |   2096 |   6289 |  13 |  859.2 |
       Dungeon |  10999 |  10534 |    465 |   2096 |   6205 |  11 |  999.9 |
        Temple |    167 |    101 |     66 |      0 |     84 |   1 |  167.0 |
          Lair |      3 |      3 |      0 |      0 |      0 |   1 |    3.0 |
               +--------+--------+--------+--------+--------+-----+--------+

Top non-repeatable levels by time:
     D:8: 1682 daAuts
     D:4: 1477 daAuts
     D:5: 1412 daAuts
     D:2: 1283 daAuts
     D:9: 1236 daAuts
     D:6: 1112 daAuts
    D:10: 914 daAuts
     D:3: 732 daAuts
     D:1: 613 daAuts
     D:7: 508 daAuts
  Temple: 167 daAuts
    D:11: 26 daAuts
  Lair:1: 3 daAuts
